Map: King's Cove LE

Players

scarlett - Winner!

  • Race: Zerg Zerg
  • League: Master
  • Spawn Location: 11:00

TIME (Oliveira)

  • Race: Terran Terran
  • Spawn Location: 5:00

Event: 2019 WCS Winter Americas

VOD

Have the link to the VOD?

Description

Time

  • Played on: March 24, 2019, 1:05 p.m.
  • Length: 25:40

All games in this series

Show
View Real Time Build Order
Export as new Build Order

scarlett Zerg - Winner!

Build Orders: Hatch First 

Get SALT Encoding   

  12  0:00  Drone  
  13  0:12  Overlord  
  13  0:18  Drone  
  14  0:31  Drone x2  
  16  0:48  Hatchery  
  15  0:52  Drone  
  15  0:56  Drone  
  17  1:00  Drone  
  18  1:10  Extractor  
  17  1:17  Spawning Pool  
  16  1:27  Drone x2  
  16  1:28  Drone  
  19  2:04  Zergling x2  
  19  2:05  Spine Crawler, Zergling x6  
  19  2:07  Queen  
  22  2:10  Zergling x2  
  21  2:18  Zergling x2  
  19  2:33  Drone  
  20  2:43  Drone x2  
  22  2:51  Drone  
  23  2:54  Drone  
  24  2:58  Drone  
  24  3:02  Drone  
  26  3:09  Overlord  
  26  3:13  Drone  
  27  3:20  Drone  
  28  3:29  Drone x3  
  28  3:33  Drone  
  32  3:37  Queen  
  34  3:43  Overlord  
  34  3:49  Drone  
  34  3:51  Drone  
  36  4:05  Drone x3  
  36  4:06  Drone x3  
  42  4:10  Metabolic Boost  
  42  4:14  Overlord  
  43  4:17  Drone  
  43  4:30  Hatchery  
  42  4:33  Drone x2  
  42  4:35  Drone  
  45  4:44  Queen  
  47  4:47  Overlord  
  47  4:52  Queen  
  49  4:54  Overlord  
  49  5:03  Drone x3  
  49  5:06  Extractor  
  47  5:14  Drone x6  
  52  5:22  Drone x3  
  55  5:32  Drone  
  55  5:33  Drone  
  57  5:35  Baneling Nest  
  57  5:42  Drone  
  57  5:43  Spore Crawler  
  56  5:56  Drone x10  
  63  6:04  Zergling x4  
  63  6:11  Queen x2  
  69  6:21  Zergling x2  
  69  6:22  Drone, Zergling x2  
  69  6:23  Drone x2  
  71  6:41  Drone  
  71  6:42  Drone x2  
  71  6:43  Spore Crawler  
  73  6:48  Drone  
  73  6:57  Drone x2  
  67  7:02  Drone x9  
  69  7:10  Drone x5  
  72  7:16  Drone  
  72  7:19  Extractor  
  72  7:20  Extractor, Lair  
  72  7:21  Overlord  
  71  7:26  Evolution Chamber  
  71  7:28  Evolution Chamber  
  69  7:36  Drone  
  69  7:37  Drone x6  
  74  7:43  Extractor, Zergling x10, Roach Warren  
  76  7:50  Drone x3  
  79  7:53  Zerg Missile Weapons Level 1  
  79  7:56  Zergling x2  
  79  7:57  Zergling x4  
  82  8:02  Baneling x2  
  82  8:03  Baneling x3  
  82  8:09  Extractor, Overlord x4  
  81  8:19  Overlord x2  
  79  8:29  Roach x8  
  95  8:40  Glial Reconstitution  
  95  8:43  Drone x4  
  98  8:57  Overseer  
  98  8:58  Roach x10  
  98  8:59  Infestation Pit  
  117  9:03  Queen  
  119  9:13  Queen  
  121  9:25  Hatchery  
  121  9:31  Drone x3  
  123  9:34  Queen  
  123  9:37  Hydralisk Den  
  124  9:43  Centrifical Hooks  
  124  9:45  Roach x3  
  130  9:46  Overlord  
  130  9:47  Overlord x5  
  130  9:49  Zerg Missile Weapons Level 2  
  130  9:50  Zerg Melee Weapons Level 1  
  130  10:03  Hive  
  131  10:07  Drone x11  
  131  10:12  Muscular Augments  
  141  10:16  Hydralisk x2  
  145  10:22  Hydralisk x5  
  145  10:25  Infestor  
  145  10:27  Infestor  
  157  10:46  Hatchery  
  157  10:48  Queen  
  158  10:54  Zergling x28  
  170  11:04  Drone x5  
  175  11:16  Drone x3  
  175  11:17  Drone  
  175  11:18  Extractor  
  175  11:19  Extractor  
  175  11:21  Overlord x3  
  175  11:23  Grooved Spines  
  173  11:30  Spire  
  172  11:37  Viper, Spore Crawler  
  174  11:40  Viper x4  
  174  11:41  Hydralisk  
  174  11:42  Hydralisk x5  
  174  11:44  Baneling  
  174  11:45  Baneling x12  
  198  11:59  Zerg Melee Weapons Level 2  
  196  12:09  Hydralisk x2  
  200  12:18  Overlord  
  200  12:19  Zerg Missile Weapons Level 3  
  195  12:41  Overlord  
  195  12:46  Extractor, Greater Spire, Hydralisk x2  
  195  12:50  Extractor  
  196  13:11  Hatchery  
  195  13:22  Adrenal Glands  
  195  13:29  Drone  
  195  13:30  Spore Crawler x2  
  182  13:38  Corruptor x8  
  198  13:42  Pathogen Glands  
  198  13:56  Overseer x3  
  197  14:17  Brood Lord x4  
  199  14:20  Brood Lord  
  199  14:21  Zerg Flyer Weapons Level 1  
  199  14:27  Zergling x4  
  194  14:34  Brood Lord  
  194  14:35  Brood Lord x2  
  198  14:39  Neural Parasite  
  198  14:41  Zerg Melee Weapons Level 3  
  171  15:12  Spire  
  170  15:16  Extractor  
  169  15:23  Corruptor x8  
  185  15:28  Extractor  
  185  15:30  Extractor  
  185  15:32  Drone x2  
  185  15:33  Drone x5  
  185  15:34  Drone  
  185  15:35  Drone x6  
  196  15:36  Spore Crawler  
  196  15:46  Spore Crawler  
  196  15:47  Spine Crawler  
  196  15:48  Spine Crawler, Burrow  
  196  15:49  Spore Crawler  
  192  15:50  Zerg Ground Armor Level 1  
  192  15:51  Spine Crawler  
  190  15:57  Drone x3  
  193  16:04  Infestor x3  
  193  16:08  Spore Crawler  
  198  16:12  Spore Crawler  
  198  16:14  Spore Crawler x2  
  195  16:30  Pneumatized Carapace  
  195  16:31  Zerg Flyer Weapons Level 2, Zerg Flyer Armor Level 1  
  195  16:32  Hatchery  
  190  16:35  Infestor x4  
  190  16:36  Infestor  
  200  16:43  Spine Crawler  
  200  16:45  Spine Crawler  
  198  16:56  Spine Crawler  
  198  16:57  Spine Crawler, Drone x10  
  198  17:00  Spine Crawler  
  199  17:03  Spore Crawler  
  199  17:05  Spore Crawler  
  197  17:09  Hatchery  
  196  17:24  Corruptor x2  
  197  17:37  Corruptor  
  197  17:48  Corruptor x3  
  145  18:08  Drone  
  145  18:09  Drone x7  
  145  18:10  Spine Crawler  
  145  18:11  Spine Crawler  
  147  18:13  Corruptor x2  
  147  18:14  Corruptor x6, Viper  
  147  18:19  Brood Lord x4  
  174  18:20  Corruptor x7  
  184  18:28  Corruptor x7  
  184  18:30  Zerg Flyer Armor Level 2  
  185  18:43  Queen  
  187  18:49  Drone  
  187  18:50  Drone x4  
  187  18:51  Zerg Flyer Weapons Level 3  
  192  18:57  Hatchery  
  192  19:02  Extractor  
  190  19:04  Drone x3  
  190  19:06  Infestor x3  
  190  19:08  Zerg Ground Armor Level 2  
  199  19:21  Extractor  
  198  19:27  Extractor  
  197  19:51  Queen  
  199  19:52  Spore Crawler  
  199  19:55  Spore Crawler  
  199  19:56  Spore Crawler  
  196  20:04  Spine Crawler, Drone x3  
  196  20:06  Spine Crawler x2  
  196  20:16  Brood Lord x2  
  200  20:30  Spine Crawler x2  
  194  20:44  Corruptor x3  
  196  20:55  Corruptor x4  
  200  21:12  Zerg Flyer Armor Level 3  
  200  21:32  Spore Crawler  
  199  21:38  Spore Crawler  
  199  21:39  Spore Crawler  
  195  21:42  Brood Lord  
  195  21:43  Brood Lord  
  199  21:52  Spore Crawler  
  163  22:15  Infestor x9  
  155  22:16  Roach x7, Hydralisk x10  
  187  22:23  Queen  
  187  22:24  Drone  
  187  22:25  Drone x3  
  189  22:37  Infestor x5  
  189  22:41  Drone  
  200  22:45  Hatchery  
  199  22:53  Hatchery  
  196  23:22  Viper  
  199  23:31  Spine Crawler  
  199  23:33  Spore Crawler  
  199  23:34  Spine Crawler, Drone x2  
  196  23:35  Drone x2  
  199  24:27  Spore Crawler  
  199  24:29  Spore Crawler  
  197  24:31  Spore Crawler  
  196  24:44  Brood Lord x2  
Show
View Real Time Build Order
Export as new Build Order

TIME Terran 

Build Orders:  

Get SALT Encoding   

  12  0:00  SCV  
  13  0:12  SCV  
  14  0:19  Supply Depot  
  14  0:42  Barracks  
  14  0:50  Barracks  
  14  0:53  SCV  
  15  1:00  Refinery  
  15  1:05  SCV  
  16  1:18  SCV  
  17  1:29  Marine  
  17  1:30  Orbital Command  
  18  1:40  Marine  
  19  1:47  Marine  
  20  1:56  Bunker  
  20  1:58  Marine  
  21  2:05  Marine  
  18  2:15  Marine  
  18  2:18  SCV  
  17  2:23  Marine  
  17  2:31  SCV  
  19  2:37  Factory  
  19  2:43  SCV  
  18  2:56  SCV  
  19  3:08  SCV  
  20  3:12  Supply Depot  
  20  3:20  Factory Reactor  
  20  3:21  Starport  
  20  3:22  SCV  
  21  3:34  SCV  
  22  3:42  Command Center  
  22  3:46  SCV  
  23  3:58  Widow Mine x2, Medivac  
  23  4:02  SCV  
  30  4:07  Supply Depot  
  30  4:14  SCV  
  31  4:20  Refinery  
  31  4:29  Hellion x2, SCV  
  36  4:34  Medivac  
  38  4:41  SCV  
  39  4:51  Liberator  
  39  4:54  Hellion x2, SCV  
  39  4:59  Orbital Command  
  47  5:16  Hellion  
  47  5:18  Hellion  
  51  5:23  Orbital Command  
  51  5:31  Supply Depot  
  51  5:36  SCV  
  51  5:37  Liberator  
  51  5:42  Hellion  
  54  5:53  Hellion, SCV  
  54  5:56  Supply Depot  
  56  5:57  SCV  
  57  6:05  SCV  
  57  6:09  SCV  
  59  6:15  Hellion  
  59  6:17  SCV  
  64  6:18  Hellion  
  64  6:24  SCV  
  65  6:29  SCV  
  64  6:38  SCV  
  65  6:40  Starport Tech Lab  
  65  6:42  Command Center  
  65  6:44  Hellion x2  
  68  6:53  SCV  
  69  6:54  SCV  
  64  7:05  SCV  
  55  7:09  Hellion x2  
  55  7:10  SCV  
  55  7:13  Factory x2  
  52  7:17  SCV  
  52  7:22  Armory x2, Barracks Tech Lab, SCV  
  53  7:29  SCV  
  55  7:32  Hellion x2  
  55  7:35  SCV  
  58  7:40  Refinery  
  58  7:41  Refinery, SCV  
  59  7:47  SCV  
  60  7:53  SCV  
  60  7:54  Hellion x2  
  65  7:59  SCV  
  67  8:05  SCV  
  67  8:09  Cyclone  
  67  8:10  Terran Vehicle And Ship Armor Level 1, Cyclone, Terran Vehicle Weapons Level 1  
  67  8:11  Orbital Command  
  67  8:12  SCV  
  74  8:17  SCV  
  75  8:20  Hellion x2  
  75  8:24  SCV  
  75  8:26  Infernal Pre-Igniter, Supply Depot  
  80  8:30  SCV  
  79  8:36  SCV  
  79  8:38  SCV  
  81  8:42  Refinery x2, SCV  
  82  8:48  Siege Tank  
  82  8:50  Hellion x2  
  82  8:51  SCV x2  
  82  8:55  Starport Reactor, SCV  
  89  9:03  SCV x2, Supply Depot  
  89  9:06  Supply Depot  
  89  9:07  SCV  
  92  9:15  SCV  
  93  9:25  Siege Tank, Hellion x2, SCV  
  93  9:27  SCV, Supply Depot  
  93  9:28  Supply Depot  
  102  9:32  Command Center, Viking x2  
  102  9:35  Siege Tank  
  109  9:49  SCV x3  
  109  9:51  Supply Depot  
  109  9:52  Factory x2  
  112  9:53  Supply Depot  
  112  9:54  Hellion x2  
  116  10:00  Siege Tank  
  116  10:06  SCV x2  
  119  10:07  Terran Vehicle Weapons Level 2  
  119  10:12  Engineering Bay  
  119  10:21  Siege Tank  
  119  10:22  Hellion x2  
  119  10:23  Viking, Supply Depot  
  119  10:24  Engineering Bay  
  128  10:28  Viking, Supply Depot  
  130  10:39  Factory Reactor, Factory Tech Lab  
  130  10:42  Supply Depot x2  
  130  10:48  Terran Vehicle And Ship Armor Level 2  
  128  10:55  Hellion x2  
  126  10:58  Siege Tank  
  129  11:06  Siege Tank  
  129  11:07  SCV x3  
  131  11:18  Refinery  
  131  11:19  SCV  
  131  11:20  Planetary Fortress  
  131  11:22  Refinery  
  132  11:26  Command Center  
  132  11:27  Hellion x3  
  132  11:29  Sensor Tower  
  132  11:32  Hellion  
  140  11:35  Siege Tank  
  143  11:44  Siege Tank  
  143  11:46  Command Center  
  146  11:52  Hellion  
  146  11:53  Hellion  
  148  11:57  Thor  
  148  11:59  Hellion  
  148  12:01  Hellion  
  156  12:12  Missile Turret, Thor  
  156  12:14  Hellion  
  164  12:20  Hellion  
  164  12:25  Siege Tank  
  167  12:32  Hellion x2  
  171  12:39  Command Center  
  171  12:40  Siege Tank  
  171  12:43  Hellion x2  
  178  12:45  Sensor Tower  
  178  12:54  Thor  
  178  12:55  Terran Vehicle Weapons Level 3  
  174  12:59  Viking x2  
  174  13:05  Hellion x2  
  180  13:07  Orbital Command  
  180  13:10  Thor  
  180  13:12  Hellion  
  188  13:19  Planetary Fortress  
  188  13:20  SCV x4  
  195  13:34  Hellion  
  194  13:42  Siege Tank, Supply Depot  
  194  13:43  Terran Vehicle And Ship Armor Level 3  
  194  13:47  Missile Turret  
  197  13:56  Fusion Core  
  197  13:57  Starport x2  
  192  14:17  Thor  
  191  14:24  Viking x2  
  191  14:25  Siege Tank  
  188  14:34  Viking  
  188  14:35  Viking  
  174  14:51  Thor  
  174  14:52  Hellion  
  157  14:54  Viking  
  157  14:55  Viking  
  136  15:03  Siege Tank x2, Hellion x3  
  136  15:04  Viking  
  136  15:05  Orbital Command  
  135  15:09  Refinery x2  
  135  15:12  Viking  
  135  15:14  Hellion  
  133  15:24  Hellion x3, Viking  
  133  15:25  Viking  
  143  15:33  Terran Ship Weapons Level 1  
  143  15:34  Siege Tank  
  143  15:35  Hellion  
  148  15:37  Viking  
  148  15:39  Siege Tank  
  148  15:42  Siege Tank  
  156  15:45  Hellion  
  156  15:49  Hellion  
  160  15:56  Viking x3  
  166  16:01  Hellion  
  166  16:02  Hellion  
  170  16:07  Viking  
  170  16:10  Siege Tank  
  170  16:11  Hellion  
  177  16:23  Siege Tank x2  
  177  16:25  Hellion x2  
  185  16:26  Viking  
  185  16:27  Viking  
  185  16:29  Viking  
  185  16:32  Hellion  
  187  16:49  Hellion  
  187  16:52  Command Center, Thor  
  195  16:55  Siege Tank, Hellion  
  195  17:00  Starport Reactor  
  195  17:01  Starport Tech Lab  
  190  17:46  Viking  
  188  17:53  Thor  
  188  17:54  Viking x2  
  188  17:56  Thor  
  176  18:00  Viking  
  176  18:02  Hellion x3  
  176  18:05  Siege Tank, Viking  
  154  18:06  Hellion  
  146  18:16  Viking  
  139  18:23  Hellion  
  139  18:24  Viking x2  
  143  18:27  Hellion  
  143  18:30  Viking  
  145  18:35  Viking  
  145  18:36  Siege Tank  
  145  18:37  Terran Ship Weapons Level 2  
  140  18:42  Siege Tank x2, Hellion  
  140  18:43  Hellion  
  140  18:45  Hellion  
  140  18:46  Viking  
  149  18:50  Planetary Fortress  
  149  18:54  Viking x2  
  153  18:58  Hellion  
  153  19:00  Viking  
  157  19:03  Advanced Ballistics  
  157  19:06  Hellion  
  157  19:07  Liberator x2  
  159  19:11  Thor  
  159  19:12  Liberator  
  159  19:16  Viking  
  167  19:21  Siege Tank x2  
  173  19:29  Refinery  
  184  19:31  Hellion  
  184  19:37  Command Center  
  184  19:44  Viking  
  180  19:57  Viking  
  192  20:00  Siege Tank x2  
  192  20:01  Siege Tank  
  192  20:02  Hellion x2  
  192  20:03  Hellion  
  192  20:07  Viking  
  195  20:11  Viking  
  197  20:22  Viking  
  189  20:43  Liberator  
  189  20:45  Viking  
  185  20:54  Viking  
  184  20:58  Siege Tank x3  
  184  20:59  Hellion  
  184  21:00  Hellion  
  200  21:05  Terran Ship Weapons Level 3  
  200  22:00  Viking  
  189  22:01  Viking  
  189  22:02  Siege Tank  
  189  22:03  Hellion  
  189  22:04  Hellion, Viking  
  189  22:05  Siege Tank  
  189  22:07  Viking  
  189  22:08  Viking  
  173  22:14  Thor  
  173  22:15  Hellion x2  
  131  22:25  Hellion x2  
  131  22:28  Planetary Fortress  
  123  22:30  Viking  
  123  22:31  Viking  
  123  22:34  Viking, Thor  
  123  22:37  Viking, Thor  
  192  22:44  Liberator  
  139  22:46  Hellion x2  
  139  22:47  Liberator  
  139  22:50  Liberator  
  141  22:53  Raven  
  141  22:56  Thor  
  147  23:00  Viking  
  147  23:03  Hellion x2  
  162  23:13  Hellion x2, Liberator  
  162  23:17  Siege Tank  
  162  23:19  Liberator  
  163  23:20  Siege Tank  
  163  23:24  Hellion x2  
  170  23:32  Liberator  
  173  23:35  Hellion  
  173  23:37  Hellion  
  183  23:44  Viking  
  183  23:46  Hellion  
  183  23:47  Viking  
  189  23:52  Command Center  
  192  23:55  Liberator  
  192  23:56  Missile Turret  
  192  23:59  Missile Turret  
  192  24:00  Missile Turret x2  
  187  24:08  Missile Turret  
  187  24:09  Thor  
  189  24:10  Siege Tank x2  
  189  24:14  Viking  
  198  24:17  Viking  
  200  24:31  Refinery x2  
Tags
 
Add a new tag
Caveats
  • Supply blocks, unpowered buildings, or Contaminate may cause inaccurate times.
  • Supply counts are checked every 10 seconds.